 Dungeon Crawl Stone Soup version 0.21-a0-221-gfe971b9 (webtiles) character file.

35 tidbits the Skirmisher (level 3, 8/30 HPs)
             Began as a Demigod Wanderer on Aug 26, 2017.
             Quit the game on level 3 of the Dungeon.
             The game lasted 00:01:56 (247 turns).

tidbits the Skirmisher (Demigod Wanderer)            Turns: 247, Time: 00:01:56

Health: 8/30       AC:  8    Str: 22    XL:     3   Next: 2%
Magic:  6/6        EV: 10    Int: 16    God:
Gold:   11         SH:  0    Dex: 15    Spells: 2/2 levels left

rFire    . . .     SeeInvis .   a - +0 short sword
rCold    . . .     Gourm    .   (no shield)
rNeg     . . .     Faith    .   B - +2 scale mail
rPois    .         Spirit   .   (no helmet)
rElec    .         Reflect  .   (no cloak)
rCorr    .         Harm     .   (no gloves)
MR       .....                  (no boots)
Stlth    ..........             (no amulet)
HPRegen  0.10/turn              (no ring)
MPRegen  0.10/turn              (no ring)

@: mighty, lethally poisoned (8 -> -12)
A: high mp 1
a: no special abilities


You were on level 3 of the Dungeon.
You were not hungry.

You visited 1 branch of the dungeon, and saw 3 of its levels.

You collected 11 gold pieces.

Inventory:

Hand Weapons
 a - a +0 short sword (weapon)
Missiles
 e - 7 tomahawks (quivered)
Armour
 B - a +2 scale mail (worn)
Wands
 c - a wand of random effects (15/48)
Scrolls
 b - 3 scrolls of enchant weapon {unknown}
Comestibles
 d - a bread ration
 g - a meat ration


   Skills:
 + Level 2.9 Fighting
 - Level 1.0 Short Blades
   Level 1.0 Axes
 - Level 1.0 Throwing
 - Level 2.6 Armour
 - Level 1.0 Dodging
 - Level 1.0 Stealth
 - Level 1.0 Evocations


You had 2 spell levels left.
You didn't know any spells.

Dungeon Overview and Level Annotations

Branches:
Dungeon (3/15)


Innate Abilities, Weirdness & Mutations

You have an increased reservoir of magic. (+10% MP)


Message History

You barely miss the kobold. The kobold barely misses you.
You barely miss the kobold. The kobold hits you but does no damage.
You miss the kobold. The kobold barely misses you.
You miss the kobold. The kobold hits you.
You hit the kobold.
You kill the kobold!
Found 3 scrolls labeled GUMAVE ELIT.
b - 3 scrolls labeled GUMAVE ELIT A giant cockroach comes into view.
You hit the giant cockroach.
The giant cockroach is severely wounded.
The giant cockroach closely misses you.
You barely miss the giant cockroach.
The giant cockroach is severely wounded.
The giant cockroach bites you but does no damage.
You hit the giant cockroach.
You kill the giant cockroach!
You see here a giant cockroach corpse.
Found 7 tomahawks.
You see here 7 tomahawks.
e - 7 tomahawks
Found a bubbling green potion.
f - a bubbling green potion HP restored.
Found a stone staircase leading down.
You open the door.
A rat comes into view.
There is an open door here.
You open the door.
There is an open door here.
You barely miss the rat. The rat closely misses you.
You closely miss the rat. The rat closely misses you.
You hit the rat.
You kill the rat!
You see here a rat corpse.
There is an open door here.
There is a stone staircase leading down here.
You climb downwards.
Found 11 gold pieces.
There is a stone staircase leading up here.
You now have 11 gold pieces.
You open the door.
There is an open door here.
You open the door.
Found 27 stones.
There is an open door here.
Found a meat ration.
g - a meat ration 2 orcs and an orc wizard come into view.
The orc wizard is wielding a dagger of venom.
The orc shouts!
The orc wizard shouts!
The orc wizard casts a spell.
The orc wizard blinks!
You hit the orc.
The orc is severely wounded.
The orc wizard hits you but does no damage.
You are poisoned.
An orc and an orc wizard come into view.
Okay, then.
You feel sick.
It was a potion of might.
You feel very mighty all of a sudden.
You closely miss the orc wizard.
You feel sick. The orc closely misses you.
The orc wizard hits you but does no damage.
You are more poisoned.
You barely miss the orc wizard.
You feel sick.
The orc hits you from afar with a trident.
The orc wizard closely misses you.
You puncture the orc wizard!
The orc wizard is severely wounded.
The orc wizard hits you but does no damage.
You are lethally poisoned!
The orc hits you but does no damage.
You hit the orc wizard.
The orc wizard is almost dead.
You feel sick.
The orc wizard hits you but does no damage.
You are more poisoned.
The orc closely misses you.
You barely miss the orc wizard.
The orc wizard is almost dead.
You feel sick.
The orc wizard hits you with a dagger of venom.
* * * LOW HITPOINT WARNING * * *
The orc hits you but does no damage.
You puncture the orc wizard!
You kill the orc wizard!
Your Fighting skill increases to level 2!
You have reached level 2!
You have reached level 3!
Your experience leads to a dramatic increase in your attributes!
Your base attributes are Str 15, Int 16, Dex 15.
Increase (S)trength, (I)ntelligence, or (D)exterity?
You feel stronger. x2
* * * LOW HITPOINT WARNING * * *
You feel sick. The orc closely misses you.
Unknown command.
* * * LOW HITPOINT WARNING * * *
You feel sick.
Are you sure you want to abandon this character and quit the game? (Confirm with "yes".)

#.. ...# #.#
#..###..####.#
.....#..##...###########
#..#.#..##..............
#..#..........##.......#
........##.....#.#####.#
##.#.#.####...##.#
#.#.#.# ##.###.# #.....#
#.# #@# ###.### #.# #o#
#.# #+###)# #.#
##...##.o.o.o.# ###.#
##.....#####o### ##.#.#
##.......##
#....###.........#
(......'.........+
#....###.........#


You could see 2 orcs.

Vanquished Creatures
  An orc wizard (D:3)
  A bat (D:1)
  A giant cockroach (D:2)
  A hobgoblin (D:1)
  A kobold (D:2)
  A rat (D:2)
6 creatures vanquished.

Notes
Turn   | Place    | Note
-------+----------+-------------------------------------------
     0 | D:1      | tidbits the Demigod Wanderer began the quest for the Orb.
     0 | D:1      | tidbits set off with: a +2 scale mail, a +0 short sword, a wand of random effects (15/48), a bread ration
     0 | D:1      | Reached XP level 1. HP: 16/16 MP: 3/3
   236 | D:3      | Noticed an orc wizard
   238 | D:3      | Noticed an orc wizard
   245 | D:3      | Killed an orc wizard
   245 | D:3      | Reached skill level 2 in Fighting
   245 | D:3      | Reached XP level 2. HP: 9/25 MP: 5/5
   245 | D:3      | Reached XP level 3. HP: 11/30 MP: 6/6
   247 | D:3      | Quit the game

Vault maps used:
D:1:      lightli_arrival_quake, dk_noncrumbling_4
D:2:      minmay_diamond_boxcup, minivault_11
D:3:      uniq_grinder

Skill      XL: |  1 |
---------------+----+-----
Fighting       | 2 |  2.9
Short Blades   | |  1.0
Axes           | |  1.0
Throwing       | |  1.0
Armour         | |  2.6
Dodging        | |  1.0
Stealth        | |  1.0
Evocations     | |  1.0

Action                   || total
-------------------------++-------
Melee: Short sword       ||    35
  Use: Potion            ||     1
Armor: Scale mail        ||    14
Dodge: Dodged            ||    16

Table legend:
 A = Spawn XP
 B = Non-spawn XP
 C = Spawn XP percentage of total XP
 D = Spawn monster count
 E = Non-spawn monster count
 F = Spawn count percentage of total count
 G = Total turns spent on level
                    A         B        C        D         E        F      G
               +---------+---------+-------+---------+---------+-------+---------
         Total |       0 |      50 |   0.0 |       0 |       6 |   0.0 |   247
               +---------+---------+-------+---------+---------+-------+---------
           D:1 |       0 |       4 |   0.0 |       0 |       2 |   0.0 |    63
           D:2 |       0 |       4 |   0.0 |       0 |       3 |   0.0 |   126
           D:3 |       0 |      42 |   0.0 |       0 |       1 |   0.0 |    58
               +---------+---------+-------+---------+---------+-------+---------

Table legend:
 A = Turns spent in this place as a percentage of turns spent in the entire game.
 B = Non-inter-level travel turns spent in this place as a percentage of non-inter-level travel turns spent in the entire game.
 C = Inter-level travel turns spent in this place as a percentage of turns spent in this place.
 D = Turns resting spent in this place as a percentage of non-inter-level travel turns spent in this place.
 E = Turns spent auto-exploring this place as a percentage of non-inter-level travel turns spent in this place.
 F = Non-inter-level travel turns spent in this place divided by the number of levels of this place that you've seen.
                   A       B       C       D       E      F
               +-------+-------+-------+-------+-------+----------------------
         Total | 100.0 | 100.0 |   0.0 |   0.0 |   0.0 |  82.3
       Dungeon | 100.0 | 100.0 |   0.0 |   0.0 |   0.0 |  82.3
               +-------+-------+-------+-------+-------+----------------------

Table legend:
 A = Kills in this place as a percentage of kills in entire the game.
 B = Kills by you in this place as a percentage of kills by you in the entire game.
 C = Kills by friends in this place as a percentage of kills by friends in the entire game.
 D = Other kills in this place as a percentage of other kills in the entire game.
 E = Experience gained in this place as a percentage of experience gained in the entire game.
 F = Experience gained in this place divided by the number of levels of this place that you have seen.
                   A       B       C       D       E      F
               +-------+-------+-------+-------+-------+----------------------
         Total | 100.0 | 100.0 |   N/A |   N/A | 100.0 |  16.7
       Dungeon | 100.0 | 100.0 |   N/A |   N/A | 100.0 |  16.7
               +-------+-------+-------+-------+-------+----------------------

Vault maps used:
D:1:      lightli_arrival_quake, dk_noncrumbling_4
D:2:      minmay_diamond_boxcup, minivault_11
D:3:      uniq_grinder
